Zazza, neutral female human Tourist ----------- ----------- |....|....--- |.........| |..``|``...>| |.........| |.........--- |.........| |....|....| |....<...k| |-.--------- |.........| |..`.|.....| |.........| |....|.....| |.......'.| |..........| |.........| |....|.....----------------|| |....|.....................@| ----------------------------- Zazza the Sightseer Experience level: 3 Strength: 15 Dexterity: 12 Constitution: 18 Intelligence: 15 Wisdom: 11 Charisma: 18 Health: 0(37) Energy: 12(12) Def: 19 Gold: 98 Moves: 8705 Dungeon seed: HYUCN6_ez8MFnIxG Game ID: Zazza_1619263295 Your Inventory: Coins $ - 98 gold pieces Weapons a - 20 +2 darts X - a blessed +0 dagger (weapon in hand) Armor n - an uncursed +0 orcish helm (being worn) r - an uncursed +0 alchemy smock (being worn) v - a blessed +0 dwarvish mithril-coat (being worn) F - an uncursed +1 pair of speed boots (being worn) Comestibles b - 6 uncursed food rations Scrolls w - an uncursed scroll of blank paper A - an uncursed scroll of earth B - a blessed scroll of earth Rings z - a cursed ring of teleportation Wands y - a cursed wand of fire (0:6) Tools h - an uncursed tooled horn k - an uncursed skeleton key o - an uncursed stethoscope s - an uncursed magic whistle E - a horn of plenty (0:4) Spells and supernatural/magical abilities: Name Level Category Fail Memory W - pray for help -- divine ? -- Your skills at the end: Fighting Skills Weapon Skills dagger [Basic] dart [Basic] Spellcasting Skills Final Attributes: You were devoutly aligned. You were poison resistant. You were acid resistant. You were telepathic. You were protected. You were very fast. You are dead. Vanquished creatures: 2 ghosts a small mimic 2 leprechauns a gnome king a dwarf lord a rock mole 2 shriekers 4 gnome lords 5 gnomish wizards 2 straw golems a paper golem a little dog a floating eye 7 dwarves a kobold lord a kobold shaman a rabid rat a centipede a monkey a wererat 3 iguanas 2 acid blobs 3 coyotes 3 gas spores 3 hobbits a large kobold 4 hobgoblins 3 giant rats a cave spider 3 brown molds a yellow mold 2 green molds a red mold 22 gnomes 3 garter snakes a gnome zombie 5 geckos 12 jackals 2 foxes 3 kobolds 4 goblins 4 sewer rats 16 grid bugs 2 bats 15 lichens 6 kobold zombies 14 newts 176 creatures vanquished. Voluntary challenges: You used a wielded weapon 44 times, starting on turn 1905. You read items or engraved 19 times, starting on turn 937. You never genocided any monsters. You never polymorphed an object. You never changed form. You used no wishes. You never split a pudding. You wrote Elbereth's name 5 times, starting on turn 938. You never violated your personal moral code. Dungeon overview: The Dungeons of Doom: levels 1 to 9 Level 1 some fountains a long staircase Level 2 a general store, an altar to The Lady, a fountain Level 3 a fountain stairs to The Gnomish Mines Level 4 a general store, an altar to Offler, a fountain Level 5 a fountain Level 6 a fountain Level 7 a fountain Level 8 many fountains Level 9 a fountain, a sink stairs to Sokoban The Gnomish Mines: levels 4 to 7 Level 4 stairs to The Dungeons of Doom Level 5 Level 6 Level 7 many shops, a temple to The Lady, some fountains, a sink Sokoban: levels 7 to 8 Level 7 <- You were here Level 8 stairs to The Dungeons of Doom History has recorded: On T:1 you entered the Dungeons of Doom to retrieve the Amulet of Yendor! On T:527 you reached level 2 of The Dungeons of Doom. On T:1573 you reached level 3 of The Dungeons of Doom. On T:2083 you reached level 1 of The Gnomish Mines. On T:2202 you reached level 4 of The Dungeons of Doom. On T:3355 you reached level 5 of The Dungeons of Doom. On T:3895 you reached level 6 of The Dungeons of Doom. On T:4670 you reached level 2 of The Gnomish Mines. On T:4704 you reached level 3 of The Gnomish Mines. On T:5678 you reached level 4 of The Gnomish Mines. On T:7085 you reached level 7 of The Dungeons of Doom. On T:7208 you reached level 8 of The Dungeons of Doom. On T:7393 you reached level 9 of The Dungeons of Doom. On T:7754 you advanced to experience level 2. On T:8064 you reached level 4 of Sokoban. On T:8301 you reached level 3 of Sokoban. On T:8306 you advanced to experience level 3. Score breakdown: Gold: 59 ( 6048 points) Experience: 3 levels ( 7878 points) Exploration: 9 levels ( 18.37%) (12247 points) Discoveries: 35 items ( 11.74%) (10281 points) Valuables value: (no points given unless you survive) Artifact value: 0 ( 0 points) Variety of kills: 47 monsters ( 12.34%) (10536 points) Turncount: 8705 turns (-2173 points) Survival: died (score multiplied by 80%) Total score: 35853 Latest messages: The dart hits the brown mold. You kill the brown mold! a - 2 +2 darts. With great effort you move the boulder. The boulder falls into and plugs a hole in the floor! With great effort you move the boulder. You try to move the boulder, but in vain. With great effort you move the boulder. You feel strong! You must have been exercising. You feel agile! You must have been working on your reflexes. With great effort you move the boulder. The boulder falls into and plugs a hole in the floor! You succeed in unlocking the door. The door opens. The kobold lord zaps a copper wand! The iguana is killed by the bolt of cold! The bolt of cold hits you! You die... Final status: Aloha Zazza the Tourist, killed by a bolt of cold... You died in Sokoban on dungeon level 7 with 35853 points, and 98 pieces of gold, after 8705 moves. You were level 3 with a maximum of 37 hit points when you died.